 Dungeon Crawl Stone Soup version 0.31-a0-182-gc5ef74bbde (webtiles) character file.

Game seed: 11646293756187334228

30466 qw the Cleaver (level 13, 0/83 HPs)
             Began as a Gargoyle Fighter on June 21, 2023.
             Was an Elder of Okawaru.
             Slain by a six-headed hydra (2 damage)
             ... on level 5 of the Lair of Beasts.
             The game lasted 00:06:53 (12736 turns).

qw the Cleaver (Gargoyle Fighter)                  Turns: 12736, Time: 00:06:53

Health: 0/83       AC: 32    Str: 23 (24) XL:     13   Next: 51%
Magic:  16/18      EV:  9    Int: 10      God:    Okawaru [****..]
Gold:   768        SH:  6    Dex:  8 (9)  Spells: 12/12 levels left

rFire   + . .        n - +0 morningstar
rCold   . . .        c - +0 buckler
rNeg    + . .        e - +0 plate armour
rPois   inf          (no helmet)
rElec   +            (no cloak)
rCorr   .            f - +2 pair of gloves
SInv    .            j - +1 pair of boots
Will    ++...        i - amulet of the acrobat Stlth
                     k - +4 ring of slaying {mikee}
HPRegen 0.33/turn    h - ring of willpower
MPRegen 0.16/turn

%: acrobat
@: about to teleport, heroic
A: sickness immunity, AC +9, negative energy resistance 1, electricity
resistance, torment resistance 1, petrification resistance, deterioration 1,
fire resistance 1, low MP 1, strong-willed 1, MP-powered wands, sturdy frame 1
a: Renounce Religion, Heroism, Finesse


You were on level 5 of the Lair of Beasts.
You worshipped Okawaru.
Okawaru was greatly pleased with you.
You visited 3 branches of the dungeon, and saw 14 of its levels.

You collected 768 gold pieces.


Innate Abilities, Weirdness & Mutations

You are immune to sickness and miasma.
Your stone body is resilient. (AC +9)
You are immune to poison.
You resist negative energy. (rN+)
You are resistant to electric shocks. (rElec)
You are resistant to unholy torment.
You are immune to petrification.
Your body sometimes deteriorates upon taking damage.
Your flesh is heat resistant. (rF+)
Your magical capacity is low. (-10% MP)
You are strong-willed. (Will+)
You expend magic power (3 MP) to strengthen your wands.
Your movements are slightly less encumbered by armour. (ER -2)


   Skills:
 - Level 10.7(15.7) Fighting
 - Level 14.0(19.0) Axes
 - Level 5.0(10.0) Throwing
 + Level 9.0(14.0) Armour
 - Level 2.0(7.0) Dodging
 - Level 6.7(11.7) Shields
 - Level 10.0 Invocations


You had 12 spell levels left.
You didn't know any spells.
Your spell library was empty.

Inventory:

Hand Weapons
 n - a +0 morningstar (weapon)
 Y - a +2 war axe
Armour
 c - a +0 buckler (worn)
 e - a +0 plate armour (worn)
 f - a +2 pair of gloves (worn)
 j - a +1 pair of boots (worn)
Jewellery
 h - a ring of willpower (right hand)
 i - an amulet of the acrobat (around neck)
 k - a +4 ring of slaying (left hand) {mikee}
Scrolls
 l - a scroll of identify
Potions
 b - 3 potions of enlightenment
 d - 2 potions of might
 g - 2 potions of heal wounds
 m - 2 potions of attraction
 o - a potion of lignification
 p - 4 potions of curing
 r - a potion of haste
 t - 2 potions of magic

Dungeon Overview and Level Annotations

Branches:
Dungeon (8/15)             Temple (1/1) D:6            Lair (5/5) D:8
  Swamp (0/4) Lair:3       Spider (0/4) Lair:2        Slime (0/5) Lair:4

Altars:
Ashenzari
Cheibriados
Dithmenos
Elyvilon
Fedhas
Gozag
Hepliaklqana
Kikubaaqudgha
Makhleb
Nemelex Xobeh
Okawaru
Qazlal
Ru
Trog
Uskayaw
Vehumet
Wu Jian
Xom
Yredelemnul
Zin
The Shining One

Shops:
D:7 *


Message History

Your surroundings suddenly seem different.
A skyshark, 2 harpies, a merfolk avatar, a steam dragon, an elephant and a hornet come into view.
The merfolk avatar shouts!
The steam dragon hisses angrily.
The elephant trumpets!
You hear a screech!
You hear a roar!
You hear an angry growl.
You hear an angry hiss.
The harpy barely misses you. The harpy claws you but does no damage.
A six-headed hydra comes into view.
The merfolk avatar chants a haunting song.
You resist with almost no effort.
A komodo dragon comes into view.
Something bites the plant!
The plant begins to die.
The plant looks as sick as possible!
Something poisons the plant!
A steam dragon comes into view.
The steam dragon moves out of view.
The komodo dragon moves out of view.
12734 ||| SWAPPING to +0 morningstar.
n - a +0 morningstar (weapon)
A harpy comes into view.
The harpy claws you but does no damage. x2; You block the harpy's attack.
The harpy claws you but does no damage.
The merfolk avatar chants a haunting song.
You resist with some effort. The harpy claws you. x2
The harpy moves out of view.
You closely miss the harpy. The harpy claws you but does no damage.
You block the harpy's attack. x2
The harpy claws you!
Something bites the plant!!
The six-headed hydra bites you.
The six-headed hydra bites you but does no damage. x3
The six-headed hydra bites you!
The six-headed hydra closely misses you.
12736 ||| READING scroll of teleportation.
As you read the scroll of teleportation, it crumbles to dust.
You feel strangely unstable. The harpy completely misses you.
The harpy barely misses you.
Something bites the plant.
A skyshark comes into view.
You block the harpy's attack. The harpy claws you but does no damage.
The merfolk avatar chants a haunting song.
You resist with almost no effort.
The six-headed hydra bites you but does no damage. x2
The six-headed hydra bites you.
You die...

#.~ ~~P~
~~ ~P~ ~~
#.~
~###~.####
#D~P..~..~
#~~~~~~~H~
#Hl~~Hlm~~
#D@#
#~~~DP~#
P~~8y~~Y+
~P~.P~~~.
~~PP~~~~~
~#~#.#~~##
~~P~~#~~P
.~~~~#~~#


You could see a merfolk avatar, 2 skysharks, a six-headed hydra, an elephant, 3
harpies, a hornet and 2 steam dragons.

Vanquished Creatures
  Snorg (Lair:5)
  2 hydras
  2 death yaks (Lair:5)
  2 skysharks (Lair:4)
  3 bog bodies (Lair:3)
  Pikel (D:7)
  An oklob plant (Lair:1)
  3 elephants (Lair:3)
  5 black mambas
  Maggie (D:8)
  8 cane toads
  Psyche (D:8)
  9 komodo dragons
  3 rime drakes
  A polar bear (Lair:3)
  6 blink frogs
  Grinder (D:4)
  6 dream sheep (Lair:4)
  A slime creature (Lair:4)
  4 culicivoras (Lair:2)
  2 wyverns
  21 yaks
  A steam dragon (D:6)
  4 basilisks
  Grum (D:8)
  2 swamp worms (Lair:3)
  3 wargs (D:8)
  Duvessa (D:5)
  6 water moccasins
  4 black bears
  An ice beast (D:6)
  3 sky beasts (D:7)
  3 orc warriors
  An ogre (D:6)
  30 wolves
  5 centaurs
  4 lemures (D:7)
  12 bullfrogs
  A kobold brigand (D:8)
  5 scorpions
  9 wights
  Dowan (D:5)
  4 killer bees (D:8)
  An electric eel (Lair:3)
  A howler monkey (D:8)
  5 hounds
  4 jellies
  A gnoll bouda (D:6)
  4 orc priests (D:8)
  An iron imp (D:3)
  7 iguanas
  A sleepcap (D:6)
  9 orc wizards
  7 gnolls
  An adder (D:5)
  A worm (D:5)
  3 dart slugs
  17 orcs
  12 bats
  8 endoplasms
  10 goblins
  3 hobgoblins
  3 jackals (D:1)
  9 kobolds
  2 quokkas
  9 ball pythons
  5 frilled lizards
  A giant cockroach (D:2)
  6 rats
316 creatures vanquished.

Notes
Turn   | Place    | Note
-------+----------+-------------------------------------------
     0 | D:1      | qw the Gargoyle Fighter began the quest for the Orb.
     0 | D:1      | Reached XP level 1. HP: 14/14 MP: 1/1
     0 | D:1      | 0 ||| qw: Version: 0.3-a-9-g12657ce
     0 | D:1      | 0 ||| qw: Game counter: 1542
     0 | D:1      | 0 ||| qw: Always use a shield: true
     0 | D:1      | 0 ||| qw: God list: Okawaru
     0 | D:1      | 0 ||| qw: Allow faded altars: false
     0 | D:1      | 0 ||| qw: Do Orc after D:15 true
     0 | D:1      | 0 ||| qw: Do second Lair branch before Depths: true
     0 | D:1      | 0 ||| qw: Lair rune preference: random
     0 | D:1      | 0 ||| qw: Plans: Normal, Zot:1-4, Slime:5, God:TSO, Crypt,
                  | Tomb, Abyss, Pan, Hells, Win
     0 | D:1      | 0 ||| PLANNING D:1-11
    27 | D:1      | Reached skill level 2 in Axes
    82 | D:1      | Reached XP level 2. HP: 19/19 MP: 2/2
   288 | D:1      | Reached skill level 3 in Axes
   334 | D:1      | Reached XP level 3. HP: 23/23 MP: 3/3
   655 | D:1      | 655 ||| UPGRADING to +0 plate armour.
   665 | D:1      | 665 ||| DROPPING +0 scale mail.
   666 | D:1      | 666 ||| UPGRADING to +4 ring of slaying {mikee}.
   667 | D:1      | 667 ||| READING scroll labelled ASCHOWN SAUCK.
   668 | D:1      | 668 ||| READING scroll labelled REFAM KUIMI.
   669 | D:1      | 669 ||| READING scroll labelled ESUENIGHAM.
   670 | D:1      | 670 ||| READING 4 scrolls labelled TIMAMI TUANUMO.
   671 | D:1      | 671 ||| READING scroll labelled LIN AMEABLOEW.
   672 | D:1      | 672 ||| DROPPING 3 scrolls of revelation.
   754 | D:2      | 754 ||| Stepping ~*~*~tactically~*~*~ (hiding).
   788 | D:2      | 788 ||| Stepping ~*~*~tactically~*~*~ (stealth).
   816 | D:2      | 816 ||| FLEEEEING.
   817 | D:2      | 817 ||| FLEEEEING.
   818 | D:2      | 818 ||| FLEEEEING.
   819 | D:2      | 819 ||| FLEEEEING.
   821 | D:2      | 821 ||| FLEEEEING.
   822 | D:2      | 822 ||| FLEEEEING.
   823 | D:2      | 823 ||| FLEEEEING.
   824 | D:2      | 824 ||| FLEEEEING.
   825 | D:2      | 825 ||| FLEEEEING.
   826 | D:2      | 826 ||| FLEEEEING.
   827 | D:2      | 827 ||| FLEEEEING.
   828 | D:2      | 828 ||| FLEEEEING.
   829 | D:2      | 829 ||| FLEEEEING.
   830 | D:2      | 830 ||| FLEEEEING.
   831 | D:2      | 831 ||| FLEEEEING.
   832 | D:2      | 832 ||| Stepping ~*~*~tactically~*~*~ (hiding).
   835 | D:2      | Reached XP level 4. HP: 24/28 MP: 4/4
   855 | D:2      | 855 ||| DROPPING +1 whip of electrocution.
  1269 | D:2      | Reached skill level 4 in Axes
  1321 | D:2      | Found a shimmering altar of Xom.
  1445 | D:2      | 1445 ||| UPGRADING to +1 pair of boots.
  1450 | D:2      | 1450 ||| UPGRADING to ring of willpower.
  1451 | D:2      | 1451 ||| READING scroll labelled ERETADWAMUE.
  1452 | D:2      | 1452 ||| READING scroll labelled YRPHEL DYLI.
  1564 | D:3      | 1564 ||| FLEEEEING.
  1565 | D:3      | 1565 ||| FLEEEEING.
  1580 | D:3      | You fall into a shaft and drop 1 floor!
  1602 | D:4      | 1602 ||| DRINKING 2 fuming sapphire potions.
  1696 | D:3      | Found a snail-covered altar of Cheibriados.
  1728 | D:3      | Reached XP level 5. HP: 32/32 MP: 5/5
  1826 | D:3      | 1826 ||| Stepping ~*~*~tactically~*~*~ (stealth).
  1871 | D:3      | Found a faded altar of an unknown god.
  2239 | D:4      | 2239 ||| Stepping ~*~*~tactically~*~*~ (stealth).
  2260 | D:4      | 2260 ||| Stepping ~*~*~tactically~*~*~ (stealth).
  2262 | D:4      | Found an ornate altar of the Wu Jian Council.
  2262 | D:4      | Noticed a black bear
  2275 | D:4      | Killed a black bear
  2276 | D:4      | Reached skill level 5 in Axes
  2276 | D:4      | Reached XP level 6. HP: 31/37 MP: 6/6
  2319 | D:4      | 2319 ||| Stepping ~*~*~tactically~*~*~ (hiding).
  2324 | D:4      | 2324 ||| Stepping ~*~*~tactically~*~*~ (hiding).
  2462 | D:4      | 2462 ||| Stepping ~*~*~tactically~*~*~ (hiding).
  2468 | D:4      | 2468 ||| Stepping ~*~*~tactically~*~*~ (hiding).
  2620 | D:4      | Noticed Grinder
  2621 | D:4      | 2621 ||| Stepping ~*~*~tactically~*~*~ (hiding).
  2631 | D:4      | Killed Grinder
  2632 | D:4      | Reached skill level 6 in Axes
  2632 | D:4      | Reached XP level 7. HP: 36/43 MP: 7/7
  3290 | D:4      | 3290 ||| READING scroll labelled DUSEOL HEFIUT.
  3291 | D:4      | 3291 ||| READING 3 scrolls of identify.
  3291 | D:4      | 3291 ||| IDENTIFYING lumpy puce potion
  3292 | D:4      | 3292 ||| READING 2 scrolls of identify.
  3292 | D:4      | 3292 ||| IDENTIFYING red potion
  3293 | D:4      | 3293 ||| DROPPING potion of ambrosia.
  3316 | D:5      | Entered Level 5 of the Dungeon
  3441 | D:5      | Reached skill level 7 in Axes
  3572 | D:5      | Reached XP level 8. HP: 32/50 MP: 8/8
  3711 | D:5      | 3711 ||| Stepping ~*~*~tactically~*~*~ (stealth).
  3721 | D:5      | Reached skill level 1 in Dodging
  3762 | D:5      | Noticed Duvessa
  3762 | D:5      | Noticed Dowan
  3772 | D:5      | Killed Duvessa
  3773 | D:5      | Reached skill level 1 in Throwing
  3775 | D:5      | Killed Dowan
  3906 | D:5      | Identified the +0 robe of Grace {Str+4}
  3909 | D:5      | Found a blossoming altar of Fedhas.
  3913 | D:5      | Found a hazy altar of Hepliaklqana.
  4130 | D:5      | 4130 ||| READING scroll labelled YTWEOD LEBECS.
  4165 | D:5      | 4165 ||| READING 2 scrolls labelled LYFIN VOSIMOUSCH.
  4166 | D:5      | 4166 ||| DRINKING 2 blue potions.
  4167 | D:5      | 4167 ||| DRINKING 2 bubbling yellow potions.
  4167 | D:5      | Gained mutation: Your body sometimes deteriorates upon
                  | taking damage. [potion of mutation]
  4167 | D:5      | Gained mutation: Your movements are slightly less
                  | encumbered by armour. (ER -2) [potion of mutation]
  4167 | D:5      | Gained mutation: Armour fits poorly on your strangely
                  | shaped body. [potion of mutation]
  4167 | D:5      | Gained mutation: Your flesh is heat resistant. (rF+)
                  | [potion of mutation]
  4168 | D:5      | 4168 ||| DRINKING potion of mutation.
  4168 | D:5      | Lost mutation: Your flesh is heat resistant. (rF+) [potion
                  | of mutation]
  4168 | D:5      | Lost mutation: Armour fits poorly on your strangely shaped
                  | body. [potion of mutation]
  4168 | D:5      | Gained mutation: Your magical capacity is low. (-10% MP)
                  | [potion of mutation]
  4168 | D:5      | Gained mutation: You are strong-willed. (Will+) [potion of
                  | mutation]
  4168 | D:5      | Gained mutation: You have hidden genetic potential. [potion
                  | of mutation]
  4169 | D:5      | 4169 ||| READING 2 scrolls of identify.
  4169 | D:5      | 4169 ||| IDENTIFYING sedimented puce potion
  4170 | D:5      | 4170 ||| DROPPING potion of brilliance.
  4171 | D:5      | 4171 ||| DROPPING scroll of poison.
  4260 | D:6      | 4260 ||| Stepping ~*~*~tactically~*~*~ (stealth).
  4266 | D:6      | Reached skill level 8 in Axes
  4272 | D:6      | Reached skill level 6 in Fighting
  4285 | D:6      | Found a staircase to the Ecumenical Temple.
  4286 | D:6      | 4286 ||| PLANNING TEMPLE
  4296 | Temple   | Entered the Ecumenical Temple
  4296 | Temple   | Found a transporter.
  4296 | Temple   | Found a transporter.
  4298 | Temple   | Found a transporter.
  4298 | Temple   | Found a transporter.
  4308 | Temple   | 4308 ||| PLANNING D:1-11
  4311 | Temple   | 4311 ||| PLANNING OKAWARU WORSHIP
  4317 | Temple   | Became a worshipper of Warmaster Okawaru
  4318 | Temple   | 4318 ||| PLANNING D:1-11
  4416 | D:6      | Reached XP level 9. HP: 52/55 MP: 8/8
  4431 | D:6      | 4431 ||| DROPPING +0 flail.
  4497 | D:6      | 4497 ||| Stepping ~*~*~tactically~*~*~ (stealth).
  4576 | D:6      | 4576 ||| Stepping ~*~*~tactically~*~*~ (hiding).
  4577 | D:6      | 4577 ||| Stepping ~*~*~tactically~*~*~ (hiding).
  4578 | D:6      | 4578 ||| Stepping ~*~*~tactically~*~*~ (hiding).
  4579 | D:6      | 4579 ||| Stepping ~*~*~tactically~*~*~ (hiding).
  4580 | D:6      | HP: 13/55 [centaur/arrow (9)]
  4581 | D:6      | 4581 ||| DRINKING potion of heal wounds.
  4586 | D:6      | Reached skill level 9 in Axes
  4595 | D:6      | Gained mutation: You expend magic power (3 MP) to
                  | strengthen your wands. [hidden potential]
  4829 | D:6      | 4829 ||| Stepping ~*~*~tactically~*~*~ (stealth).
  4835 | D:6      | Reached * piety under Okawaru
  5017 | D:6      | 5017 ||| READING scroll labelled LYIVIVU ZEKADIA.
  5018 | D:6      | 5018 ||| READING 2 scrolls of identify.
  5018 | D:6      | 5018 ||| IDENTIFYING metallic red potion
  5019 | D:6      | 5019 ||| DROPPING potion of degeneration.
  5057 | D:7      | 5057 ||| INVOKING Heroism.
  5079 | D:7      | Reached skill level 1 in Invocations
  5102 | D:7      | Found Zele's Blasphemy Boutique.
  5128 | D:7      | 5128 ||| INVOKING Heroism.
  5192 | D:7      | Reached skill level 3 in Invocations
  5382 | D:7      | Found a flagged portal.
  5469 | D:7      | Reached skill level 6 in Armour
  5591 | D:7      | Identified the +1 ring mail "Evihyv" {Rampage rC+}
  5646 | D:7      | Noticed Pikel
  5647 | D:7      | 5647 ||| INVOKING Heroism.
  5659 | D:7      | Killed Pikel
  5660 | D:7      | Reached XP level 10. HP: 59/63 MP: 9/12
  5743 | D:7      | Reached ** piety under Okawaru
  5839 | D:7      | Found a shimmering altar of Xom.
  6053 | D:7      | 6053 ||| UPGRADING to +1 pair of gloves.
  6058 | D:7      | 6058 ||| DRINKING 3 amethyst potions.
  6085 | D:8      | Noticed Grum
  6086 | D:8      | 6086 ||| Stepping ~*~*~tactically~*~*~ (stealth).
  6088 | D:8      | 6088 ||| INVOKING Heroism.
  6102 | D:8      | 6102 ||| INVOKING Heroism.
  6104 | D:8      | Gained mutation: Your flesh is heat resistant. (rF+)
                  | [hidden potential]
  6104 | D:8      | Lost mutation: You have hidden genetic potential. [hidden
                  | potential expressed]
  6105 | D:8      | Killed Grum
  6106 | D:8      | Reached skill level 10 in Axes
  6109 | D:8      | 6109 ||| Stepping ~*~*~tactically~*~*~ (stealth).
  6129 | D:8      | 6129 ||| FLEEEEING.
  6130 | D:8      | 6130 ||| FLEEEEING.
  6131 | D:8      | 6131 ||| FLEEEEING.
  6139 | D:8      | 6139 ||| STAIRDANCE
  6167 | D:7      | 6167 ||| UPGRADING to amulet of the acrobat.
  6179 | D:8      | 6179 ||| Stepping ~*~*~tactically~*~*~ (hiding).
  6200 | D:8      | 6200 ||| Stepping ~*~*~tactically~*~*~ (stealth).
  6207 | D:8      | 6207 ||| Stepping ~*~*~tactically~*~*~ (stealth).
  6220 | D:8      | 6220 ||| INVOKING Heroism.
  6232 | D:8      | 6232 ||| Stepping ~*~*~tactically~*~*~ (stealth).
  6235 | D:8      | Noticed Maggie
  6236 | D:8      | 6236 ||| Stepping ~*~*~tactically~*~*~ (hiding).
  6253 | D:8      | Killed Maggie
  6257 | D:8      | 6257 ||| INVOKING Heroism.
  6362 | D:8      | Found a staircase to the Lair.
  6368 | D:8      | 6368 ||| DROPPING +3 flail.
  6464 | D:8      | Found a radiant altar of Vehumet.
  6473 | D:8      | 6473 ||| Stepping ~*~*~tactically~*~*~ (stealth).
  6474 | D:8      | 6474 ||| Stepping ~*~*~tactically~*~*~ (stealth).
  6475 | D:8      | 6475 ||| Stepping ~*~*~tactically~*~*~ (stealth).
  6476 | D:8      | 6476 ||| Stepping ~*~*~tactically~*~*~ (stealth).
  6502 | D:8      | 6502 ||| Stepping ~*~*~tactically~*~*~ (stealth).
  6503 | D:8      | 6503 ||| INVOKING Heroism.
  6557 | D:8      | Noticed Psyche
  6578 | D:8      | HP: 12/64 [something (6)]
  6579 | D:8      | Killed Psyche
  6606 | D:8      | 6606 ||| INVOKING Heroism.
  6676 | D:8      | 6676 ||| FLEEEEING.
  6858 | D:8      | 6858 ||| INVOKING Heroism.
  7197 | D:8      | 7197 ||| PLANNING LAIR
  7197 | D:8      | 7197 ||| READING 2 scrolls labelled WINWAF JEMOZA.
  7237 | Lair:1   | Entered Level 1 of the Lair of Beasts
  7237 | Lair:1   | Noticed an oklob plant
  7238 | Lair:1   | 7238 ||| INVOKING Heroism.
  7259 | Lair:1   | Killed an oklob plant
  7260 | Lair:1   | Reached skill level 3 in Throwing
  7357 | Lair:1   | 7357 ||| INVOKING Heroism.
  7382 | Lair:1   | Reached XP level 11. HP: 68/68 MP: 13/13
  7392 | Lair:1   | Reached skill level 11 in Axes
  7421 | Lair:1   | 7421 ||| INVOKING Heroism.
  7496 | Lair:1   | 7496 ||| Stepping ~*~*~tactically~*~*~ (stealth).
  7509 | Lair:1   | Reached *** piety under Okawaru
  7518 | Lair:1   | Reached skill level 9 in Fighting
  7611 | Lair:1   | 7611 ||| INVOKING Heroism.
  7612 | Lair:1   | 7612 ||| Stepping ~*~*~tactically~*~*~ (stealth).
  7620 | Lair:1   | 7620 ||| Stepping ~*~*~tactically~*~*~ (stealth).
  7631 | Lair:1   | 7631 ||| INVOKING Heroism.
  7663 | Lair:1   | 7663 ||| Stepping ~*~*~tactically~*~*~ (stealth).
  7665 | Lair:1   | 7665 ||| Stepping ~*~*~tactically~*~*~ (stealth).
  7667 | Lair:1   | 7667 ||| INVOKING Heroism.
  7693 | Lair:1   | 7693 ||| INVOKING Heroism.
  7784 | Lair:1   | 7784 ||| INVOKING Heroism.
  7883 | Lair:1   | 7883 ||| INVOKING Heroism.
  8194 | Lair:1   | 8194 ||| INVOKING Heroism.
  8208 | Lair:1   | Reached skill level 12 in Axes
  8444 | Lair:1   | 8444 ||| READING 2 scrolls of identify.
  8444 | Lair:1   | 8444 ||| IDENTIFYING purple potion
  8558 | Lair:2   | Identified the +7 lajatang of the Blushing Butterfly
                  | {freeze, *Noise rElec Int+5}
  8566 | Lair:2   | 8566 ||| Stepping ~*~*~tactically~*~*~ (stealth).
  8568 | Lair:2   | 8568 ||| INVOKING Heroism.
  8648 | Lair:2   | Reached skill level 6 in Shields
  8703 | Lair:2   | 8703 ||| INVOKING Heroism.
  8715 | Lair:2   | Reached **** piety under Okawaru
  8724 | Lair:2   | Reached skill level 9 in Armour
  8799 | Lair:2   | 8799 ||| INVOKING Heroism.
  8885 | Lair:2   | 8885 ||| FLEEEEING.
  8917 | Lair:2   | 8917 ||| INVOKING Heroism.
  8918 | Lair:2   | Found a hole to the Spider Nest.
  8930 | Lair:2   | Reached XP level 12. HP: 58/76 MP: 12/14
  9062 | Lair:2   | 9062 ||| READING scroll of enchant weapon.
  9062 | Lair:2   | 9062 ||| ENCHANTING +1 war axe.
  9073 | Lair:2   | 9073 ||| Stepping ~*~*~tactically~*~*~ (stealth).
  9075 | Lair:2   | 9075 ||| Stepping ~*~*~tactically~*~*~ (stealth).
  9089 | Lair:2   | Reached skill level 6 in Invocations
  9116 | Lair:2   | 9116 ||| Stepping ~*~*~tactically~*~*~ (stealth).
  9118 | Lair:2   | 9118 ||| Stepping ~*~*~tactically~*~*~ (stealth).
  9135 | Lair:2   | 9135 ||| INVOKING Heroism.
  9203 | Lair:2   | 9203 ||| Stepping ~*~*~tactically~*~*~ (stealth).
  9738 | Lair:2   | 9738 ||| READING 2 scrolls of identify.
  9738 | Lair:2   | 9738 ||| IDENTIFYING yellow potion
  9739 | Lair:2   | 9739 ||| DROPPING potion of berserk rage.
  9780 | Lair:3   | 9780 ||| INVOKING Heroism.
  9876 | Lair:3   | 9876 ||| Stepping ~*~*~tactically~*~*~ (stealth).
  9916 | Lair:3   | 9916 ||| INVOKING Heroism.
 10047 | Lair:3   | 10047 ||| INVOKING Heroism.
 10196 | Lair:3   | 10196 ||| INVOKING Heroism.
 10209 | Lair:3   | Reached ***** piety under Okawaru
 10331 | Lair:3   | 10331 ||| INVOKING Heroism.
 10381 | Lair:3   | 10381 ||| INVOKING Heroism.
 10515 | Lair:3   | Reached skill level 9 in Invocations
 10706 | Lair:3   | Noticed a five-headed hydra
 10707 | Lair:3   | 10707 ||| INVOKING Heroism.
 10710 | Lair:3   | 10710 ||| SWAPPING to +0 morningstar.
 10717 | Lair:3   | Killed a five-headed hydra
 10718 | Lair:3   | Reached skill level 13 in Axes
 10718 | Lair:3   | 10718 ||| SWAPPING to +2 war axe.
 10763 | Lair:3   | Received a gift from Okawaru
 10935 | Lair:3   | 10935 ||| Stepping ~*~*~tactically~*~*~ (hiding).
 10938 | Lair:3   | 10938 ||| Stepping ~*~*~tactically~*~*~ (hiding).
 11004 | Lair:3   | 11004 ||| Stepping ~*~*~tactically~*~*~ (hiding).
 11007 | Lair:3   | 11007 ||| INVOKING Heroism.
 11087 | Lair:3   | Found a staircase to the Swamp.
 11091 | Lair:3   | 11091 ||| INVOKING Heroism.
 11100 | Lair:3   | Reached XP level 13. HP: 58/82 MP: 16/18
 11236 | Lair:3   | 11236 ||| READING 2 scrolls labelled TAILIL PIASCH.
 11237 | Lair:3   | 11237 ||| READING 3 scrolls of identify.
 11237 | Lair:3   | 11237 ||| IDENTIFYING orange potion
 11238 | Lair:3   | 11238 ||| READING 2 scrolls of identify.
 11238 | Lair:3   | 11238 ||| IDENTIFYING sedimented coppery potion
 11239 | Lair:3   | 11239 ||| DROPPING scroll of fear.
 11337 | Lair:4   | 11337 ||| Stepping ~*~*~tactically~*~*~ (stealth).
 11360 | Lair:4   | 11360 ||| INVOKING Heroism.
 11453 | Lair:4   | 11453 ||| Stepping ~*~*~tactically~*~*~ (stealth).
 11545 | Lair:4   | 11545 ||| READING scroll of enchant armour.
 11545 | Lair:4   | 11545 ||| ENCHANTING +1 pair of gloves.
 11566 | Lair:4   | 11566 ||| INVOKING Heroism.
 11832 | Lair:4   | 11832 ||| Stepping ~*~*~tactically~*~*~ (hiding).
 11835 | Lair:4   | 11835 ||| Stepping ~*~*~tactically~*~*~ (hiding).
 11869 | Lair:4   | 11869 ||| Stepping ~*~*~tactically~*~*~ (stealth).
 11870 | Lair:4   | 11870 ||| Stepping ~*~*~tactically~*~*~ (stealth).
 11877 | Lair:4   | 11877 ||| Stepping ~*~*~tactically~*~*~ (stealth).
 11898 | Lair:4   | Reached skill level 14 in Axes
 12100 | Lair:4   | Found a staircase to the Slime Pits.
 12175 | Lair:4   | 12175 ||| Stepping ~*~*~tactically~*~*~ (stealth).
 12177 | Lair:4   | 12177 ||| Stepping ~*~*~tactically~*~*~ (hiding).
 12178 | Lair:4   | 12178 ||| Stepping ~*~*~tactically~*~*~ (hiding).
 12412 | Lair:4   | 12412 ||| INVOKING Heroism.
 12413 | Lair:4   | 12413 ||| INVOKING Finesse.
 12416 | Lair:4   | 12416 ||| SWAPPING to +0 morningstar.
 12423 | Lair:4   | 12423 ||| SWAPPING to +2 war axe.
 12644 | Lair:4   | 12644 ||| READING scroll labelled OKODOI GOTANT.
 12660 | Lair:5   | Entered Level 5 of the Lair of Beasts
 12660 | Lair:5   | Noticed Snorg
 12661 | Lair:5   | 12661 ||| INVOKING Heroism.
 12670 | Lair:5   | Killed Snorg
 12702 | Lair:5   | 12702 ||| Stepping ~*~*~tactically~*~*~ (stealth).
 12703 | Lair:5   | 12703 ||| INVOKING Heroism.
 12706 | Lair:5   | 12706 ||| Stepping ~*~*~tactically~*~*~ (stealth).
 12728 | Lair:5   | HP: 17/83 [death yak (8)]
 12729 | Lair:5   | 12729 ||| READING 2 scrolls of teleportation.
 12729 | Lair:5   | HP: 6/83 [death yak (11)]
 12730 | Lair:5   | 12730 ||| DRINKING 3 potions of heal wounds.
 12731 | Lair:5   | 12731 ||| INVOKING Heroism.
 12734 | Lair:5   | 12734 ||| SWAPPING to +0 morningstar.
 12735 | Lair:5   | HP: 12/83 [harpy (9)]
 12735 | Lair:5   | HP: 1/83 [six-headed hydra (7)]
 12736 | Lair:5   | 12736 ||| READING scroll of teleportation.
 12736 | Lair:5   | Slain by a six-headed hydra

Levels and vault maps discovered:
D:1:      heliophobic_arrival_ceremonial_halls, layout_basic
D:2:      layout_basic, basic_altar
D:3:      layout_rooms, slow_altar_1, shapermc_ecumenical_altar_gd,
          serial_bayou, serial_bayou_pond_a, serial_bayou_ford_a,
          serial_bayou_shore_a, serial_bayou_lagoon_a, minivault_25
D:4:      layout_basic, nicolae_overflow_crystal_walls, uniq_grinder
D:5:      layout_cave_pods, mainiacjoe_overflow_catwalk_spiral, uniq_duvessa
D:6:      layout_loops_cross, minmay_temple_entry_mini_moons,
          chequers_serial_rivers_small_3
D:7:      layout_basic, mainiacjoe_overflow_surrounded_room, enter_bailey_7,
          nicolae_evil_shop, uniq_pikel
D:8:      cheibrodos_quashed, layout_loops_ring,
          mainiacjoe_overflow_tiny_flanked, erik_lair_orcish_takeover,
          uniq_psyche, uniq_grum, uniq_maggie
Temple:   hellmonk_temple_divided_pantheon
Lair:1:   layout_misc_corridors, dpeg_stationary_puzzle
Lair:2:   layout_long_grid, hellmonk_spider_entry_life_and_decay,
          chequers_serial_rivers_micro_c
Lair:3:   layout_cave_pods, nicolae_swamp_entry_splash_gauntlet
Lair:4:   layout_small_grid, minmay_slime_entry_pillars
Lair:5:   gammafunk_lair_ancient_temple, layout_cellular_growth, uniq_snorg

Skill      XL: |  1  2  3  4  5  6  7  8  9 10 11 12 13 |
---------------+----------------------------------------+-----
Axes           | 2 3 4 5 6 7 8 9 10 12 13 14 | 14.0
Fighting       | 4 5 6 7 8 9 10 | 10.7
Armour         | 4 5 6 7 9 |  9.0
Dodging        | 1 2 |  2.0
Throwing       | 1 3 4 5 |  5.0
Shields        | 4 5 6 |  6.7
Invocations    | 4 5 9 10 | 10.0

Action                     |  1- 3 |  4- 6 |  7- 9 | 10-12 | 13-15 || total
---------------------------+-------+-------+-------+-------+-------++-------
  Melee: War axe           |    65 |   119 |   190 |   582 |   172 ||  1128
         Morningstar       |       |       |       |     6 |     6 ||    12
  Throw: Boomerang         |       |       |    38 |     4 |       ||    42
         Javelin           |       |       |       |       |     9 ||     9
 Invoke: Heroism           |       |       |     3 |    31 |     6 ||    40
         Finesse           |       |       |       |       |     1 ||     1
    Use: Scroll            |     5 |     2 |     8 |     4 |     7 ||    26
         Potion            |       |     1 |     4 |     1 |     1 ||     7
   Stab: Held in net/web   |       |       |       |     2 |       ||     2
 Armour: Scale mail        |    28 |       |       |       |       ||    28
         Plate armour      |     5 |    81 |   127 |   371 |   151 ||   735
  Dodge: Dodged            |    17 |    26 |    73 |   185 |    89 ||   390
  Block: Buckler           |     6 |    25 |    31 |   106 |    50 ||   218

Table legend:
 A = Non-vault XP
 B = Vault XP
 C = Vault XP percentage of total XP
 D = Non-vault monster count
 E = Vault monster count
 F = Vault count percentage of total count
                 A         B        C        D         E       F
            +---------+---------+-------+---------+---------+-------
      Total |   35358 |    8165 |  18.8 |     275 |      37 |  11.9
            +---------+---------+-------+---------+---------+-------
        D:1 |      39 |       0 |   0.0 |      24 |       0 |   0.0
        D:2 |      71 |       0 |   0.0 |      20 |       0 |   0.0
        D:3 |      66 |      40 |  37.7 |      16 |       1 |   5.9
        D:4 |     461 |     262 |  36.2 |      20 |       1 |   4.8
        D:5 |     509 |     220 |  30.2 |      11 |       2 |  15.4
        D:6 |    1566 |       0 |   0.0 |      21 |       0 |   0.0
        D:7 |    1272 |     638 |  33.4 |      14 |       5 |  26.3
        D:8 |    1503 |    1788 |  54.3 |      33 |      12 |  26.7
     Lair:1 |    5687 |     557 |   8.9 |      24 |       1 |   4.0
     Lair:2 |    6457 |     893 |  12.1 |      31 |       4 |  11.4
     Lair:3 |    7586 |    2462 |  24.5 |      28 |       6 |  17.6
     Lair:4 |    7830 |     352 |   4.3 |      29 |       4 |  12.1
     Lair:5 |    2311 |     953 |  29.2 |       4 |       1 |  20.0
            +---------+---------+-------+---------+---------+-------
